 Dungeon Crawl Stone Soup version 0.22.0-36-g8e74550 (webtiles) character file.

277 Faca the Skirmisher (level 6, 0/58 HPs)
             Began as a Centaur Hunter on Aug 24, 2018.
             Slain by a leopard gecko (2 damage)
             ... on level 4 of the Dungeon.
             The game lasted 00:07:19 (3402 turns).

Faca the Skirmisher (Centaur Hunter)                Turns: 3402, Time: 00:07:19

Health: 0/58       AC:  6    Str: 14    XL:     6   Next: 4%
Magic:  6/6        EV:  8    Int: 15    God:
Gold:   320        SH:  0    Dex: 12    Spells: 5/5 levels left

rFire    . . .     SeeInvis .   b - +0 short sword
rCold    . . .     Gourm    .   (no shield)
rNeg     + . .     Faith    .   l - +0 ring mail
rPois    .         Spirit   .   (no helmet)
rElec    .         Reflect  .   c - +0 cloak
rCorr    .         Harm     .   (no gloves)
MR       .....                  (no barding)
Stlth    ..........             (no amulet)
HPRegen  0.19/turn              o - ring of positive energy
MPRegen  0.10/turn              u - ring of flight

@: brilliant, slowed
A: large, hooves 3, deformed body, speed 2, tough skin 3
a: Evoke Flight


You were on level 4 of the Dungeon.
You were not hungry.

You visited 1 branch of the dungeon, and saw 4 of its levels.

You collected 320 gold pieces.

Inventory:

Hand Weapons
 a - a +1 shortbow
 b - a +0 short sword (weapon)
Missiles
 d - 41 arrows
Armour
 c - a +0 cloak (worn)
 l - a +0 ring mail (worn)
Jewellery
 o - a ring of positive energy (left hand)
 u - a ring of flight (right hand)
Scrolls
 e - a scroll of amnesia {unknown}
 h - a scroll of enchant armour {unknown}
 k - 4 scrolls of remove curse {unknown}
 m - 2 scrolls of blinking {unknown}
 n - 2 scrolls of fear {unknown}
 r - 4 scrolls of teleportation {unknown}
 s - a scroll of noise {unknown}
 t - a scroll of identify {unknown}
Potions
 g - 3 potions of curing {unknown}
 i - 2 potions of mutation {unknown}
 j - 2 potions of heal wounds {unknown}
 p - 2 potions of lignification {unknown}
 v - a potion of brilliance
 w - a potion of flight {unknown}
 x - a potion of haste {unknown}
 z - a potion of invisibility {unknown}
Comestibles
 f - 8 rations


   Skills:
 + Level 6.4 Fighting
 - Level 5.3 Bows
 - Level 1.3 Dodging
 - Level 0.4 Stealth


You had 5 spell levels left.
You didn't know any spells.
Your spell library was empty.

Dungeon Overview and Level Annotations

Branches:
Dungeon (4/15)
 Temple: D:4-7

Altars:
Ashenzari
Fedhas
Makhleb

Annotations:
D:2 Sigmund


Innate Abilities, Weirdness & Mutations

You have hooves in place of feet.
Armour fits poorly on your strangely shaped body.
You cover ground very quickly.
You have extremely tough skin. (AC +3)


Message History

The leopard gecko bites you but does no damage.
The orc hits you with a short sword.
* * * LOW HITPOINT WARNING * * *
The orc wizard hits you but does no damage.
Unknown command.
The leopard gecko bites you but does no damage. x2
The orc wizard gestures at you while chanting.
The magic dart hits you!
* * * LOW HITPOINT WARNING * * *
The leopard gecko barely misses you.
The orc wizard hits you but does no damage.
The orc wizard points at you and mumbles some strange words.
The puff of frost hits you!
* * * LOW HITPOINT WARNING * * *
It was a potion of brilliance.
You feel clever all of a sudden. The leopard gecko closely misses you.
The orc wizard hits you but does no damage.
The leopard gecko bites you.
You die...

#.### #...# . #
#.#!# #.. #. #.#.#
.... #.#.## #.#.#
...).
.....###.#.#......
#...o...)...?..
#...lo.........
#.<@o####.#####
.........## ...
########## ###


You could see 2 orc wizards, an orc and a leopard gecko.

Vanquished Creatures
  An orc wizard (D:3)
  Jessica (D:2)
  2 hound skeletons (D:4)
  7 adders
  4 oozes
  An adder skeleton (D:4)
  2 worms
  3 dart slugs
  4 leopard geckos
  6 orcs
  8 giant cockroaches
  7 goblins
  5 hobgoblins
  5 jackals
  2 quokkas
  4 ball pythons
  6 bats
  4 frilled lizards
  7 kobolds
  22 rats
101 creatures vanquished.

Notes
Turn   | Place    | Note
-------+----------+-------------------------------------------
     0 | D:1      | Faca the Centaur Hunter began the quest for the Orb.
     0 | D:1      | Reached XP level 1. HP: 17/17 MP: 1/1
   107 | D:1      | Reached XP level 2. HP: 12/25 MP: 2/2
   326 | D:1      | Reached skill level 3 in Fighting
   579 | D:1      | Reached XP level 3. HP: 31/31 MP: 3/3
  1011 | D:2      | Reached skill level 4 in Fighting
  1230 | D:2      | Noticed Sigmund
  1236 | D:2      | Reached XP level 4. HP: 34/41 MP: 4/4
  1456 | D:2      | Noticed Jessica
  1468 | D:2      | Killed Jessica
  1633 | D:2      | Reached skill level 5 in Fighting
  1896 | D:3      | Reached XP level 5. HP: 40/48 MP: 5/5
  2199 | D:3      | Found a burning altar of Makhleb.
  2206 | D:3      | Found a blossoming altar of Fedhas.
  2685 | D:3      | Found a shattered altar of Ashenzari.
  2787 | D:3      | Reached skill level 6 in Fighting
  3209 | D:4      | Noticed a phantom
  3250 | D:4      | Reached XP level 6. HP: 46/58 MP: 6/6
  3401 | D:4      | HP: 1/58 [orc wizard/puff of frost (8)]
  3402 | D:4      | Slain by a leopard gecko

Skill      XL: |  1  2  3  4  5 |
---------------+----------------+-----
Fighting       | 3 4 5 6 |  6.4
Bows           | |  5.3
Dodging        | |  1.3
Stealth        | |  0.4

Action                   |  1- 3 |  4- 6 || total
-------------------------+-------+-------++-------
Melee: Short sword       |   119 |   235 ||   354
       Kick              |    26 |    54 ||    80
  Use: Potion            |       |     1 ||     1
  Eat: Chunk             |     1 |     4 ||     5
       Ration            |       |     1 ||     1
Armor: Leather armour    |    15 |       ||    15
       Ring mail         |    31 |   123 ||   154
Dodge: Dodged            |    55 |   116 ||   171
